 Dungeon Crawl Stone Soup version 0.27.1-33-g824d729ab1 (webtiles) character file.

Game seed: 10363536175036699854

3 comborobin the Sneak (level 1, -5/18 HPs)
             Began as a Merfolk Delver on Dec 28, 2021.
             Shot with a bolt by a kobold (8 damage)
             ... on level 5 of the Dungeon.
             The game lasted 00:00:56 (103 turns).

comborobin the Sneak (Merfolk Delver)                Turns: 103, Time: 00:00:56

Health: -5/18      AC:  4    Str: 12    XL:     1   Next: 50%
Magic:  1/1        EV: 12    Int:  9    God:
Gold:   0          SH:  0    Dex: 15    Spells: 0/0 levels left

rFire    . . .     SeeInvis .   a - +0 short sword
rCold    . . .     Faith    .   (no shield)
rNeg     . . .     Spirit   .   b - +0 leather armour
rPois    .         Reflect  .   h - +1 hat
rElec    .         Harm     .   (no cloak)
rCorr    .         Rampage  .   (no gloves)
Will     .....                  (no boots)
Stlth    +++.......             (no amulet)
HPRegen  0.06/turn              (no ring)
MPRegen  0.07/turn              (no ring)

@: lethally poisoned (-5 -> -6)
A: (nimble swimmer 2), mertail
a: no special abilities


You were on level 5 of the Dungeon.
You visited 1 branch of the dungeon, and saw 1 of its levels.

Inventory:

Hand Weapons
 a - a +0 short sword (weapon)
Missiles
 i - 10 poisoned darts (quivered)
Armour
 b - a +0 leather armour (worn)
 h - a +1 hat (worn)
Wands
 g - a wand of digging (3)
Scrolls
 c - a scroll of fog
 d - a scroll of amnesia {unknown}
 e - a scroll of fear
Potions
 f - a potion of haste


   Skills:
 + Level 3.2 Fighting
 + Level 2.4 Short Blades
 + Level 2.6 Dodging
 + Level 5.7 Stealth


You couldn't memorise any spells.
You didn't know any spells.
Your spell library contained the following spells:

 Spells                   Type           Power      Damage    Failure   Level
 Freeze                   Ice            0%         1d3       45%         1
 Frozen Ramparts          Ice            0%         1d2       83%         3
 Hailstorm                Conj/Ice       0%         3d3       99%         4


Dungeon Overview and Level Annotations

Branches:
Dungeon (5/15)             Temple (0/1) D:5

Altars:

Annotations:
D:5 exclusion: scorpion


Innate Abilities, Weirdness & Mutations

((You are quick and stealthy near water. (Stealth+, EV+, Speed+++)))
Your lower body shifts to a powerful aquatic tail in water.


Message History

You throw a poisoned dart.
The poisoned dart closely misses the kobold.
The kobold shouts!
You feel sick.
Unknown command.
You hit the kobold.
You kill the kobold!
You feel sick.
The kobold throws a stone.
The stone barely misses you.
Throw: 14 darts (poison)
Press: ? - help, Q - select action Shift-Dir - straight line, f - kobold
Aim: a kobold, wielding a +0 short sword and quivering stones (51% to hit)
You throw a poisoned dart. The poisoned dart hits the kobold.
You feel sick.
Unknown command.
Unknown command.
Throw: 13 darts (poison)
Press: ? - help, Q - select action Shift-Dir - straight line, f/p - kobold
Aim: a kobold, wielding a +0 short sword and quivering stones (51% to hit)
You throw a poisoned dart. The poisoned dart misses the kobold.
You feel sick.
A kobold comes into view. It is wielding a +0 short sword.
Unknown command.
Throw: 12 darts (poison)
Press: ? - help, Q - select action Shift-Dir - straight line, f/p - kobold
Aim: a kobold, wielding a +0 short sword and quivering stones (51% to hit)
You throw a poisoned dart. The poisoned dart hits the kobold.
The kobold is poisoned.
You feel sick.
Unknown command.
You feel sick.
You kill the kobold!
Throw: 11 darts (poison)
Press: ? - help, Q - select action Shift-Dir - straight line, f - kobold
Aim: a kobold, wielding a +0 short sword and quivering bolts (51% to hit)
You throw a poisoned dart.
The poisoned dart closely misses the kobold.
You feel sick.
The kobold unwields a +0 short sword.
The kobold wields a +0 hand crossbow.
The kobold shoots a bolt.
The bolt hits you!
You die...

#.# ##.##,,,***,* *,,,,,,,, #.#
#.#*,*#,,*** ***,***** #.#
#.#*,.#**,,************ *#.#
#.#*#.#,***,,*,,,,,,,*, *#.#
#####.##.#,,,,**.+^,≈≈≈,,+, **,*
#.......#**,**#[.#,,,,,,,*, ****
#..###.#.#*##..#*********** *,*
#.*##P.####..#*******,****, *,**
#**♣..))).@#**,,,,,,,,,,,,, ,,,*
**,♣.K(...###***,,,,,,,,,,,,
,,,***,♣.(.###..#,**,,,****,*****
,,*,**♣.P.P* #..#,*,,,,,***,* *
,,*,,...♣##**#...,,,,,,,,,,,* *
,,,,,.♣P****,.#.#.*,,,,,***** *
,,,,,,.***,*,.*.#.#*,,,** *******
,,,*,******,,.,.#,#**,** *,,,,,,
,,,*****,,**,,,,,,* *,* *,*****


You could see a kobold.

Vanquished Creatures
  3 kobolds (D:5)
3 creatures vanquished.

Vanquished Creatures (others)
  12 plants (D:5)
12 creatures vanquished.

Grand Total: 15 creatures vanquished

Notes
Turn   | Place    | Note
-------+----------+-------------------------------------------
     0 | D:5      | comborobin the Merfolk Delver began the quest for the Orb.
     0 | D:5      | Reached XP level 1. HP: 18/18 MP: 1/1
    17 | D:5      | Noticed a scorpion
   103 | D:5      | Shot with a bolt by a kobold

Illustrated notes

Levels and vault maps discovered:
D:5:      kennysheep_kobold_camp, layout_loops_ring, grunt_temple_overflow_open,
          minmay_temple_entry_tees, st_stairs_3, moated_statue,
          grunt_decor_clamped

Action                   || total
-------------------------++-------
Melee: Short sword       ||     4
Throw: Dart              ||    10
  Use: Scroll            ||     1
Armor: Leather armour    ||     2
Dodge: Dodged            ||     2
